 Dungeon Crawl Stone Soup version 0.25.1-2-g60ff931df9 (webtiles) character file.

Game seed: 4053186064667765647

82566 hehateme the Executioner (level 15, -8/141 HPs)
             Began as a Minotaur Berserker on Nov 7, 2020.
             Was a High Priest of Trog.
             Mangled by a seven-headed hydra (9 damage)
             ... on level 15 of the Dungeon.
             The game lasted 01:01:52 (27311 turns).

hehateme the Executioner (Minotaur Berserker)      Turns: 27311, Time: 01:01:52

Health: -8/141     AC: 17    Str: 28    XL:     15   Next: 29%
Magic:  0/14       EV: 13    Int:  6    God:    Trog [*****.]
Gold:   215        SH:  0    Dex: 10    Spells: 14/14 levels left

rFire    + . .     SeeInvis +   j - +5 executioner's axe
rCold    . . .     Gourm    .   (shield currently unavailable)
rNeg     + . .     Faith    +   V - +0 scale mail of the Barnacle {Int+2 Slay+3 SInv}
rPois    .         Spirit   +   t - +2 hat of the Bear Spirit {Spirit, +Rage rN+ MR++}
rElec    .         Reflect  .   x - +2 cloak
rCorr    .         Harm     .   (no gloves)
MR       ++++.                  z - +0 pair of boots
Stlth    +.........             Y - amulet of faith
HPRegen  0.33/turn              n - ring of protection from magic
MPRegen  0.14/turn              b - ring of protection from fire

@: about to teleport, berserk cooldown, hasted and slowed
A: retaliatory headbutt, horns 2
a: Berserk, Trog's Hand, Brothers in Arms, Renounce Religion, Evoke Berserk Rage


You were on level 15 of the Dungeon.
You worshipped Trog.
Trog was extremely pleased with you.
You were near starving.

You visited 2 branches of the dungeon, and saw 21 of its levels.

You collected 1231 gold pieces.
You spent 1016 gold pieces at shops.

Inventory:

Hand Weapons
 j - a +5 executioner's axe (weapon)
 J - a +6 battleaxe of freezing
 M - a +1 antimagic demon whip
 W - a +1 vampiric battleaxe
Armour
 q - a +0 plate armour
 t - the +2 hat of the Bear Spirit (worn) {Spirit, +Rage rN+ MR++}
   (You bought it in a shop on level 5 of the Dungeon)

   It protects you from negative energy.
   It affects your resistance to hostile enchantments.
   It lets you go berserk.
 x - a +2 cloak (worn)
 z - a +0 pair of boots (worn)
 V - the +0 scale mail of the Barnacle (worn) {Int+2 Slay+3 SInv}
   (You found it on level 2 of the Lair of Beasts)

   It affects your intelligence (+2).
   It affects your accuracy and damage with ranged weapons and melee attacks
   (+3).
   It lets you see invisible.
Jewellery
 b - a ring of protection from fire (right hand)
 m - an uncursed ring of protection from magic
 n - a ring of protection from magic (left hand)
 r - a +4 ring of evasion
 v - an uncursed amulet of guardian spirit
 A - an uncursed ring of fire
 Y - an amulet of faith (around neck)
Wands
 f - a wand of acid (19)
 i - a wand of paralysis (25)
 E - a wand of polymorph (29)
 K - a wand of flame (13)
 X - a wand of disintegration (12)
Scrolls
 d - a scroll of noise
 e - 4 scrolls of teleportation
 l - 3 scrolls of enchant armour
 o - 10 scrolls of remove curse
 y - 3 scrolls of fear
 C - 4 scrolls of blinking
 D - a scroll of torment
 G - 6 scrolls of immolation
 I - 6 scrolls of magic mapping
 L - 4 scrolls of enchant weapon
 N - a scroll of silence {unknown}
 P - a scroll of summoning {unknown}
 Q - 2 scrolls of vulnerability {unknown}
 U - a scroll of identify
Potions
 a - a potion of mutation {unknown}
 g - 5 potions of stabbing
 h - 4 potions of might
 k - 5 potions of haste
 p - a potion of heal wounds
 s - 6 potions of lignification
 u - a potion of resistance
 w - 2 potions of berserk rage
 B - 3 potions of curing
 H - 5 potions of flight
 R - 4 potions of brilliance
 T - a potion of cancellation
 Z - a potion of invisibility
Comestibles
 c - 26 rations


   Skills:
 + Level 15.4 Fighting
 + Level 21.0(21.2) Axes
 + Level 5.9(15.2) Maces & Flails
 + Level 14.3 Armour
 + Level 6.7 Dodging
 + Level 3.2 Stealth


You had 14 spell levels left.
You didn't know any spells.
Your spell library was empty.

Dungeon Overview and Level Annotations

Branches:
Dungeon (15/15) Temple (0/1) D:5 Lair (6/6) D:10 Swamp (0/4) Lair:4 Snake (0/4) Lair:2 Slime (0/5) Lair:6 Orc (0/2) D:11 D:12 Vaults (0/5) D:13 Depths: D:15

Altars:
Dithmenos
Elyvilon
Nemelex Xobeh
Okawaru
Ru
Sif Muna
Trog
Zin
Jiyva

Shops:
D:5 [   D:7 (   D:12 (

Portals:
Trove: D:10 (give 15 scrolls of teleportation)

Annotations:
D:7 exclusion: downstairs
D:9 2 transporters
Lair:4 1 runed translucent door, Matchingsocks's ghost, journeyman MiFi


Innate Abilities, Weirdness & Mutations

You reflexively headbutt those who attack you in melee.
You have a pair of horns on your head.


Message History

The seven-headed hydra bites you but does no damage.
The seven-headed hydra bites you!
* * * LOW HITPOINT WARNING * * *
The seven-headed hydra bites you but does no damage.
Unknown command.
As you read the scroll of teleportation, it crumbles to dust.
You feel strangely unstable.
The sea snake bites you but does no damage.
A scorpion comes into view.
The salamander hits you from afar with a +0 spear!
* * * LOW HITPOINT WARNING * * *
You are engulfed in flames.
You resist.
* * * LOW HITPOINT WARNING * * *
The seven-headed hydra barely misses you.
The seven-headed hydra bites you!
* * * LOW HITPOINT WARNING * * *
The seven-headed hydra bites you!
* * * LOW HITPOINT WARNING * * *
The seven-headed hydra bites you!
You die...

#..# #..##...ag#
#..# #..##.....#
#.######..##..##.#
#....s.a..##.. #.#
#......)..##.. #.#
##.........##. #.#
#..N#####..# #.#
#.D.# #..# #.#
#.@.# #..# #.#
#.S.# #..# #.#
#...# #..##..##.#
#...# #..##..##.#
#...# #..##..##.#
#...# #..##..##.#
#...# #..##..##.#
#...# #..##..##.#
.#####.........#


You could see a seven-headed hydra, a sea snake, a salamander and a scorpion.

Vanquished Creatures
  Gastronok (Lair:3)
  Kirke (Lair:4)
  Nessos (D:13)
  Snorg (Lair:3)
  Harold (D:8)
  5 hydras
  A catoblepas (Lair:3)
  A centaur warrior (D:13)
  3 two-headed ogres
  A queen ant (Lair:2)
  4 tengu warriors (D:14)
  4 death yaks (Lair:4)
  Urug (D:13)
  4 unseen horrors
  4 harpies (D:14)
  A lindwurm (Lair:4)
  A cyclops (D:11)
  2 manticores
  A deep elf mage (D:14)
  An ugly thing (D:12)
  5 black mambas
  10 elephants
  2 centaur zombies
  A gargoyle (D:12)
  Psyche (D:10)
  26 spiny frogs
  9 komodo dragons
  A yaktaur (D:15)
  3 trolls
  2 polar bears (Lair:5)
  A queen bee (D:9)
  3 tyrant leeches
  27 blink frogs
  2 hornets
  4 hippogriffs
  7 dream sheep (Lair:6)
  5 slime creatures (D:12)
  A shadow (D:12)
  3 hogs (Lair:4)
  2 wraiths
  42 yaks
  14 humans (D:13)
  3 hungry ghosts
  4 basilisks
  A steam dragon (D:12)
  8 vampire mosquitoes
  19 water moccasins
  14 soldier ants (Lair:2)
  7 ice beasts
  7 porcupines
  12 orc warriors
  A black bear (D:9)
  A hornet zombie (D:7)
  3 necrophages
  2 phantoms
  A sky beast (D:12)
  16 wolves
  3 boggarts (D:15)
  12 centaurs
  7 ogres
  11 crocodiles
  33 bullfrogs
  A big kobold (D:8)
  2 scorpions
  27 killer bees
  19 wights
  5 howler monkeys
  4 electric eels
  6 crimson imps
  A quasit (D:12)
  5 bullfrog zombies
  3 hounds
  14 orc wizards
  3 bullfrog skeletons (D:12)
  3 centaur skeletons
  4 jellies
  12 orc priests
  A gnoll shaman (D:10)
  2 iguanas
  Ijyb (D:3)
  41 worker ants
  A killer bee zombie (D:7)
  3 hound zombies
  A hound skeleton (D:10)
  A worker ant zombie (D:9)
  8 gnolls
  16 adders
  A shadow imp (D:8)
  2 oozes
  An adder skeleton (D:3)
  An adder zombie (D:9)
  A worm (D:4)
  A dart slug (D:2)
  4 leopard geckos
  70 orcs
  6 giant cockroaches
  9 goblins
  6 hobgoblins
  6 jackals
  12 kobolds
  4 quokkas
  A ball python (D:1)
  6 bats
  5 frilled lizards
  A leopard gecko zombie (D:7)
  2 quokka skeletons
  A quokka zombie (D:9)
  8 rats
  A bush (Lair:4)
  5 fungi
  10 plants
723 creatures vanquished.

Vanquished Creatures (collateral kills)
  Rupert (D:13)
  A catoblepas (Lair:6)
  A death knight (D:13)
  Sonja (Lair:4)
  A komodo dragon (Lair:4)
  2 tyrant leeches (Lair:6)
  A hippogriff (D:13)
  4 yaks (Lair:6)
  2 humans (D:13)
  A crocodile (Lair:6)
15 creatures vanquished.

Vanquished Creatures (others)
  A water elemental (D:15)
  2 humans (Lair:4)
  2 vampire mosquitoes (D:15)
  An iguana (D:11)
  A bush (Lair:6)
  18 fungi
  53 plants
78 creatures vanquished.

Grand Total: 816 creatures vanquished

Notes
Turn   | Place    | Note
-------+----------+-------------------------------------------
     0 | D:1      | hehateme the Minotaur Berserker began the quest for the
                  | Orb.
     0 | D:1      | Reached XP level 1. HP: 19/19 MP: 0/0
    35 | D:1      | Reached skill level 4 in Axes
    35 | D:1      | Reached XP level 2. HP: 20/27 MP: 1/1
   836 | D:2      | Reached XP level 3. HP: 33/33 MP: 2/2
   881 | D:2      | Reached ** piety under Trog
  1206 | D:2      | Reached skill level 5 in Axes
  1206 | D:2      | Reached XP level 4. HP: 34/41 MP: 3/3
  2152 | D:3      | Noticed Ijyb
  2153 | D:3      | Reached XP level 5. HP: 47/47 MP: 4/4
  2157 | D:3      | Killed Ijyb
  2629 | D:3      | Found a faded altar of an unknown god.
  2729 | D:3      | Found an iron altar of Okawaru.
  2774 | D:3      | Reached skill level 6 in Axes
  3347 | D:4      | Reached skill level 5 in Fighting
  3347 | D:4      | Reached XP level 6. HP: 55/56 MP: 5/5
  3366 | D:4      | Reached *** piety under Trog
  3584 | D:4      | Reached skill level 7 in Axes
  3596 | D:4      | Reached XP level 7. HP: 59/61 MP: 6/6
  3666 | D:4      | Reached skill level 5 in Armour
  4062 | D:4      | Found a glowing silver altar of Zin.
  4218 | D:5      | Entered Level 5 of the Dungeon
  4242 | D:5      | Reached skill level 1 in Stealth
  4260 | D:5      | Found a staircase to the Ecumenical Temple.
  4418 | D:5      | Reached skill level 8 in Axes
  4661 | D:5      | Reached XP level 8. HP: 70/70 MP: 7/7
  4703 | D:5      | Found Getowk's Antique Armour Boutique.
  5281 | D:6      | Reached skill level 9 in Axes
  5518 | D:6      | Found a sparkling altar of Nemelex Xobeh.
  5518 | D:6      | Found a sacrificial altar of Ru.
  6126 | D:7      | Found Imaifar's Weapon Shoppe.
  6231 | D:7      | Reached skill level 10 in Axes
  6258 | D:7      | Reached **** piety under Trog
  6406 | D:7      | Reached XP level 9. HP: 78/78 MP: 8/8
  6827 | D:7      | Reached skill level 11 in Axes
  7172 | D:8      | Noticed Harold
  7448 | D:8      | Noticed a two-headed ogre
  7457 | D:8      | Killed a two-headed ogre
  7457 | D:8      | Reached skill level 12 in Axes
  7577 | D:8      | Killed Harold
  7577 | D:8      | Reached skill level 13 in Axes
  7577 | D:8      | Reached XP level 10. HP: 77/89 MP: 5/9
  8009 | D:8      | Found a bloodstained altar of Trog.
  8045 | D:8      | Found a shimmering blue altar of Sif Muna.
  8775 | D:9      | Reached skill level 14 in Axes
  9429 | D:9      | Reached ***** piety under Trog
  9600 | D:9      | Found a transporter.
  9616 | D:9      | Noticed an orc high priest
  9756 | D:9      | Found a transporter.
  9763 | D:9      | Noticed an orc high priest
  9811 | D:10     | Entered Level 10 of the Dungeon
  9907 | D:10     | Noticed Psyche
  9940 | D:10     | Killed Psyche
  9940 | D:10     | Reached XP level 11. HP: 97/97 MP: 8/10
  9989 | D:10     | Found a portal to a secret trove of treasure.
 10009 | D:10     | Reached skill level 15 in Axes
 10287 | D:10     | Found a staircase to the Lair.
 10718 | D:11     | Reached skill level 10 in Armour
 10940 | D:11     | Killed an unseen horror
 11224 | D:11     | Found a staircase to the Orcish Mines.
 11533 | D:11     | Reached skill level 10 in Fighting
 12021 | Lair:1   | Entered Level 1 of the Lair of Beasts
 12392 | Lair:1   | Reached skill level 16 in Axes
 13581 | Lair:1   | Reached XP level 12. HP: 107/107 MP: 11/11
 14066 | Lair:2   | Reached skill level 17 in Axes
 14085 | Lair:2   | Found a staircase to the Snake Pit.
 14221 | Lair:2   | Received a gift from Trog
 14615 | Lair:2   | Got a dazzling broad axe {god gift}
 14616 | Lair:2   | Identified the +6 broad axe "Hiboships" {vorpal, Str+4
                  | SInv} (Trog gifted it to you on level 2 of the Lair of
                  | Beasts)
 15001 | Lair:2   | Found a white marble altar of Elyvilon.
 15125 | Lair:2   | Noticed a queen ant
 15142 | Lair:2   | Killed a queen ant
 15150 | Lair:2   | Reached skill level 18 in Axes
 15639 | Lair:2   | Got a spiked scale mail
 15650 | Lair:2   | Identified the cursed +0 scale mail of the Barnacle {Int+2
                  | Slay+3 SInv} (You found it on level 2 of the Lair of
                  | Beasts)
 15694 | Lair:3   | Noticed a catoblepas
 15711 | Lair:3   | Killed a catoblepas
 15764 | Lair:3   | Noticed Gastronok
 15778 | Lair:3   | Killed Gastronok
 15824 | Lair:3   | Reached XP level 13. HP: 98/118 MP: 12/12
 16497 | Lair:3   | Noticed Snorg
 16522 | Lair:3   | Killed Snorg
 16997 | Lair:4   | Noticed Kirke
 17012 | Lair:4   | Killed Kirke
 17040 | Lair:4   | Reached skill level 19 in Axes
 17169 | Lair:4   | Found a runed translucent door.
 17169 | Lair:4   | Noticed Matchingsocks's ghost (journeyman MiFi)
 17431 | Lair:4   | Found a shadowy altar of Dithmenos.
 17496 | Lair:4   | Noticed Sonja
 17499 | Lair:4   | Killed Sonja
 17789 | Lair:4   | Found a staircase to the Swamp.
 18036 | Lair:4   | Reached skill level 1 in Maces & Flails
 18036 | Lair:4   | Reached skill level 5 in Dodging
 19675 | Lair:5   | Reached XP level 14. HP: 128/130 MP: 13/13
 19910 | Lair:6   | Entered Level 6 of the Lair of Beasts
 19980 | Lair:6   | Received a gift from Trog
 20043 | Lair:6   | Got a scorched battleaxe {god gift}
 20044 | Lair:6   | Identified the +9 battleaxe of the Poles {vorpal, rF+ rC+
                  | MR- Dex+3} (Trog gifted it to you on level 6 of the Lair of
                  | Beasts)
 21249 | Lair:6   | Reached skill level 20 in Axes
 21888 | Lair:6   | Found a staircase to the Slime Pits.
 21889 | Lair:6   | Found a viscous altar of Jiyva.
 22020 | Lair:6   | Received a gift from Trog
 22774 | D:5      | Bought the +2 hat of the Bear Spirit {Spirit, +Rage rN+
                  | MR++} for 1016 gold pieces
 22774 | D:5      | Found the +2 hat of the Bear Spirit {Spirit, +Rage rN+
                  | MR++}
 23222 | D:12     | Found Hoxyuwnu's Antique Weapon Boutique.
 24008 | D:13     | Reached skill level 15 in Fighting
 24049 | D:13     | Noticed Urug
 24064 | D:13     | Killed Urug
 24075 | D:13     | Noticed Rupert
 24340 | D:13     | Noticed Nessos
 24761 | D:13     | Killed Nessos
 24906 | D:13     | Killed Rupert
 25119 | D:13     | Found a gate to the Vaults.
 25147 | D:13     | Reached XP level 15. HP: 96/141 MP: 11/14
 25830 | D:14     | Received a gift from Trog
 26122 | D:14     | Reached skill level 21 in Axes
 26527 | D:14     | Reached skill level 5 in Maces & Flails
 26968 | D:15     | Entered Level 15 of the Dungeon
 27311 | D:15     | HP: 1/141 [seven-headed hydra (10)]
 27311 | D:15     | Mangled by a seven-headed hydra

Illustrated notes

Levels and vault maps discovered:
D:1:      minmay_arrival_nine_rooms, layout_rooms
D:2:      layout_loops_ring
D:3:      layout_loops_corners, okawaru_gym_becter,
          chequers_ecumenical_altar_island, uniq_ijyb
D:4:      layout_rooms, zin_statuary
D:5:      layout_basic, minmay_temple_entry_wispy, first_ration, serial_shops,
          kennysheep_mini_moat, serial_park_tiny_2
D:6:      layout_basic, chequers_temple_overflow_statue_of_worship
D:7:      layout_loops_ring, serial_shops, nicolae_shop_window_shopping,
          kennysheep_donut
D:8:      layout_basic, led_sif_book, lemuel_round_altar, uniq_harold
D:9:      gammafunk_wand_slinger, layout_basic, serial_undead, serial_undead_d,
          serial_undead_d, serial_undead_a, serial_undead_f, david_nohive_1,
          dk_rats_in_the_wall
D:10:     layout_rooms, lair_entry_dummy, nicolae_trove_entry_crossroad,
          minmay_misc_feat_roman, uniq_psyche
D:11:     layout_layer_cave, orc_0_dummy, lemuel_nasty_fountain
D:12:     layout_irregular_city, serial_shops, shop
D:13:     layout_layer_cave, david_vaults_3
D:14:     layout_roguey, special_room [special_room_orc], hangedman_aviary
D:15:     hangedman_depths_entry_try_elsewhere_first, layout_long_grid,
          minmay_misc_feat_more_columns, lemuel_freeze_loot_1
Lair:1:   layout_roguey, serial_bayou_shore_a
Lair:2:   layout_concentric_octagons, minmay_snake_entry_six_corridors,
          basic_altar, minivault_25, st_stairs_6, minivault_23, zaba_anthell
Lair:3:   layout_small_grid, ldierk_geyser, uniq_snorg, uniq_gastronok
Lair:4:   beast_lair_carwin_large_1, layout_misc_corridors,
          palyth_hydra_swamp_entry, gammafunk_ghost_grave,
          lemuel_altar_in_water2, grunt_megastairs_4, uniq_rupert, uniq_sonja,
          uniq_kirke, uniq_urug
Lair:5:   layout_long_grid, gammafunk_lair_bear_cave, serial_bayou_shore_b,
          grunt_megastairs_2, uniq_nessos
Lair:6:   minmay_lair_end_frog_pond, layout_cave_pods, slime_altar_1,
          serial_bayou_crossing

Skill      XL: |  1  2  3  4  5  6  7  8  9 10 11 12 13 14 15 |
---------------+----------------------------------------------+-----
Axes           | 4 5 6 7 8 10 13 14 16 18 19 20 21 | 21.0
Fighting       | 4 5 6 8 9 10 12 13 15 | 15.4
Armour         | 3 4 6 7 8 9 11 12 13 14 | 14.3
Dodging        | 3 4 5 6 |  6.7
Stealth        | 1 2 3 |  3.2
Maces & Flails | 2 3 5 |  5.9

Action                   |  1- 3 |  4- 6 |  7- 9 | 10-12 | 13-15 || total
-------------------------+-------+-------+-------+-------+-------++-------
Melee: Hand axe          |    66 |   138 |    67 |       |       ||   271
       Headbutt          |     6 |    21 |    40 |    73 |   151 ||   291
       Battleaxe         |       |       |   168 |   417 |   256 ||   841
       Broad axe         |       |       |       |   114 |    99 ||   213
       Mace              |       |       |       |       |    25 ||    25
       Executioner's axe |       |       |       |       |   172 ||   172
       Demon whip        |       |       |       |       |    90 ||    90
Invok: Berserk           |     1 |     3 |     5 |     9 |    17 ||    35
       Trog's Hand       |       |     1 |     4 |     8 |     8 ||    21
       Brothers in Arms  |       |       |       |       |     6 ||     6
  Use: Scroll            |       |       |     8 |     8 |    14 ||    30
       Potion            |       |       |       |     1 |     9 ||    10
 Stab: Petrifying        |       |       |       |       |     1 ||     1
  Eat: Chunk             |     2 |    11 |    17 |    30 |    27 ||    87
       Ration            |       |       |       |     3 |     9 ||    12
Armor: Animal skin       |     8 |       |       |       |       ||     8
       Chain mail        |       |    42 |       |       |       ||    42
       Plate armour      |       |    19 |   124 |   272 |       ||   415
       Scale mail        |       |       |       |     2 |   252 ||   254
Dodge: Dodged            |    79 |    71 |   133 |   332 |   484 ||  1099
